 Dungeon Crawl Stone Soup version 0.24.1-8-ga250c9d538 (webtiles) character file.

Game seed: 5168020081331986063, levelgen mode: deterministic

814 lepoulpe303 the Charmwright (level 7, 0/57 HPs)
             Began as a Centaur Skald on Apr 30, 2020.
             Was a Follower of Ru.
             Slain by an ice beast (9 damage)
             ... on level 5 of the Dungeon.
             The game lasted 00:25:05 (6904 turns).

lepoulpe303 the Charmwright (Centaur Skald)         Turns: 6904, Time: 00:25:06

Health: 0/57       AC:  5    Str: 14    XL:     7   Next: 62%
Magic:  8/11       EV: 10    Int: 17    God:    Ru [*.....]
Gold:   231        SH:  0    Dex: 15    Spells: 1/12 levels left

rFire    . . .     SeeInvis .   a - +0 war axe
rCold    . . .     Gourm    .   (no shield)
rNeg     . . .     Faith    .   x - +0 leather armour of Edyeq {Dex+6} (curse)
rPois    .         Spirit   .   (no helmet)
rElec    .         Reflect  .   (no cloak)
rCorr    .         Harm     .   r - +0 pair of gloves
MR       .....                  (no barding)
Stlth    +.........             (no amulet)
HPRegen  0.19/turn              h - +4 ring of intelligence
MPRegen  0.12/turn              (no ring)

@: infused, very quick
A: large, hooves 3, deformed body, speed 2, tough skin 3, hated by all
a: Renounce Religion


You were on level 5 of the Dungeon.
You worshipped Ru.
Ru was aware of your devotion.
You were not hungry.

You visited 1 branch of the dungeon, and saw 7 of its levels.

You collected 231 gold pieces.

Inventory:

Hand Weapons
 a - a +0 war axe (weapon)
Missiles
 q - 6 boomerangs
 A - 2 javelins (quivered)
 Q - 46 arrows
Armour
 b - a +0 leather armour
 r - a +0 pair of gloves (worn)
 u - a +2 leather armour of positive energy {rN+}
 v - a +0 ring mail
 w - a +0 chain mail
 x - the cursed +0 leather armour of Edyeq (worn) {Dex+6}
   (You found it on level 4 of the Dungeon)

   It affects your dexterity (+6).
   It has a curse placed upon it.
Jewellery
 h - a +4 ring of intelligence (left hand)
Wands
 s - a wand of clouds (5)
 t - a wand of flame (17)
Scrolls
 c - 3 scrolls of fog {unknown}
 f - 3 scrolls of magic mapping {!r}
 g - 3 scrolls of enchant weapon {unknown}
 i - 2 scrolls of identify
 j - a scroll of remove curse {unknown}
 n - a scroll of amnesia {unknown}
 o - 4 scrolls of fear {unknown}
 y - 4 scrolls of teleportation {unknown}
 D - a scroll of noise {unknown}
Potions
 d - 2 potions of curing {unknown}
 k - a potion of mutation {unknown}
 l - a potion of flight {unknown}
 p - a potion of might {unknown}
 z - a potion of heal wounds {unknown}
 B - a potion of lignification {unknown}
 C - a potion of magic {unknown}
Comestibles
 e - 5 rations


   Skills:
 + Level 3.3 Fighting
 * Level 4.0 Axes
 + Level 1.9 Armour
 + Level 2.3 Dodging
 * Level 3.2 Spellcasting
 * Level 4.5 Charms
 + Level 1.6 Translocations


You had one spell level left.
You knew the following spells:

 Your Spells              Type           Power        Failure   Level  Hunger
a - Infusion              Chrm           ###.         3%          1    None
r - Regeneration          Chrm/Necr      ##........   24%         3    ###....
s - Shroud of Golubria    Chrm/Tloc      ##....       9%          2    ##.....
z - Spectral Weapon       Hex/Chrm       ##......     24%         3    ###....
S - Song of Slaying       Chrm           ###.....     4%          2    ##.....

Your spell library contained the following spells:

 Spells                   Type           Power        Failure   Level  Hunger
 Pain                     Necr           #...         22%         1    None
 Vampiric Draining        Necr           #.........   54%         3    ###....
 Animate Skeleton         Necr           Unusable     N/A         1    N/A
 Animate Dead             Necr           Unusable     N/A         4    N/A

Dungeon Overview and Level Annotations

Branches:
Dungeon (7/15)             Temple (0/1) D:7

Altars:
Ashenzari
Cheibriados
Okawaru
Ru
Sif Muna

Shops:
D:6 }[

Annotations:
D:5 1 exclusion


Innate Abilities, Weirdness & Mutations

You have hooves in place of feet.
Armour fits poorly on your strangely shaped body.
You cover ground very quickly.
You have extremely tough skin. (AC +3)
You are hated by all.


Message History

* * * LOW HITPOINT WARNING * * *
The ice beast freezes you.
* * * LOW HITPOINT WARNING * * *
You take 19 damage, and have 22/57 hp.
MASSIVE DAMAGE!!
You slash the ice beast!
You kick the ice beast, but do no damage.
The ice beast closely misses you.
You now have 9/11 mp.
You barely miss the ice beast.
You kick the ice beast, but do no damage.
The ice beast closely misses you.
You hit the ice beast. The ice beast hits you.
* * * LOW HITPOINT WARNING * * *
The ice beast freezes you.
* * * LOW HITPOINT WARNING * * *
The ice beast hits you.
* * * LOW HITPOINT WARNING * * *
The ice beast freezes you!
You die...

..##.....##..#....##
..#.......(.......##
........(..........###
........#.##.........#
.)..##.##..#(.....#..#
....######....###.#..# .....#
#..##....###.###
....#####..###.Y..##...##
......##.....###@.......#
#......###...# #........######
#.......##...# #.......##....#
...###.......# ##.........##.##
##...#......## #.........##...##
##......#...# #.........#.._..#
.......###..####........##.8.8.#
##......###............#####+###
#......#####..#######....# ...


You could see an ice beast.

Levels and vault maps discovered:
D:1:      dpeg_arrival_stone_temple_mockup, layout_loops_ring
D:2:      layout_loops_ring, ashenzari_altar_1, uniq_crazy_yiuf_cottage
D:3:      layout_rooms, nicolae_overflow_crystal_walls, minmay_misc_feat_plants
D:4:      layout_basic, kennysheep_mini, first_ration, kennysheep_slug_shrine
D:5:      layout_cave_pools, led_sif_book, kennysheep_nub,
          okawaru_metal_pillars_1_2
D:6:      layout_layer_cave, lemuel_doored_altar, serial_shops,
          nicolae_shop_overgrown_old_shop, shop, basic_altar
D:7:      minmay_the_grid_four_pointed_star
          [minmay_the_grid_triangle_9x9_pentomino_pain,
          minmay_the_grid_triangle_9x9_fully_insulated_deathbox,
          minmay_the_grid_triangle_9x9_warning,
          minmay_the_grid_triangle_9x9_wacky_v,
          minmay_the_grid_prize_inner_circle], layout_basic,
          minmay_temple_entry_hall, grunt_livestock, uniq_duvessa, uniq_joseph

Notes
Turn   | Place    | Note
-------+----------+-------------------------------------------
     0 | D:1      | lepoulpe303 the Centaur Skald began the quest for the Orb.
     0 | D:1      | Reached XP level 1. HP: 17/17 MP: 3/3
   312 | D:1      | Reached skill level 2 in Axes
   314 | D:1      | Reached XP level 2. HP: 17/24 MP: 4/4
   694 | D:1      | Identified a +0 club
   912 | D:2      | Learned a level 2 spell: Song of Slaying
   960 | D:2      | Identified a +0 short sword
   995 | D:2      | Reached skill level 3 in Charms
  1215 | D:2      | Reached XP level 3. HP: 13/29 MP: 0/5
  1444 | D:2      | Identified a +0 spear
  1559 | D:2      | Identified a +0 flail
  1559 | D:2      | Identified a +0 spear
  1580 | D:2      | Reached skill level 2 in Spellcasting
  1674 | D:2      | Identified a +0 dagger
  1676 | D:2      | Reached skill level 1 in Armour
  1700 | D:2      | Found a shattered altar of Ashenzari.
  1736 | D:2      | Reached XP level 4. HP: 33/36 MP: 0/7
  1746 | D:2      | Learned a level 2 spell: Shroud of Golubria
  2510 | D:3      | Identified a +0 short sword
  2536 | D:3      | Identified a cursed -2 hand axe
  2677 | D:3      | Identified a +0 dagger
  2679 | D:3      | Identified a +0 club
  2711 | D:3      | HP: 8/37 [worm (8)]
  2750 | D:3      | Found a sacrificial altar of Ru.
  3161 | D:3      | Became a worshipper of Ru the Awakened
  3428 | D:3      | Identified a +0 pair of gloves (You found it on level 3 of
                  | the Dungeon)
  3439 | D:4      | Found a snail-covered altar of Cheibriados.
  3626 | D:4      | Reached XP level 5. HP: 31/42 MP: 8/8
  3682 | D:4      | Identified a +0 club
  3682 | D:4      | Identified a +0 ring mail
  3682 | D:4      | Identified a +0 hand axe
  3682 | D:4      | Identified a +0 chain mail
  3683 | D:4      | Identified a +2 leather armour of positive energy
  3796 | D:4      | Got a brightly glowing leather armour
  3797 | D:4      | Identified 4 scrolls of magic mapping
  3798 | D:4      | Identified 3 scrolls of identify
  3798 | D:4      | Identified a ring of intelligence (You found it on level 1
                  | of the Dungeon)
  3800 | D:4      | Identified the cursed +0 leather armour of Edyeq {Dex+6}
                  | (You found it on level 4 of the Dungeon)
  3825 | D:4      | You fall into a shaft and drop 3 floors!
  4039 | D:7      | Reached skill level 3 in Axes
  4039 | D:7      | Reached skill level 2 in Dodging
  4225 | D:6      | Reached XP level 6. HP: 45/50 MP: 9/9
  4235 | D:6      | Found Anun's Antique Armour Boutique.
  4443 | D:6      | Reached skill level 1 in Translocations
  4458 | D:6      | Learned a level 3 spell: Regeneration
  4576 | D:6      | Gained mutation: You are hated by all. [Ru sacrifice]
  4576 | D:6      | Reached * piety under Ru
  4621 | D:6      | Found Colups's Gadget Shoppe.
  4668 | D:5      | Entered Level 5 of the Dungeon
  4668 | D:5      | Noticed an ice beast
  4710 | D:6      | Identified a +0 scimitar
  4710 | D:6      | Identified a +3 plate armour
  4710 | D:6      | Noticed an orc warrior
  4710 | D:6      | Identified a +0 flail
  4710 | D:6      | Identified a +0 ring mail
  4711 | D:6      | Identified a +0 flail
  4711 | D:6      | Identified a +6 dagger
  4717 | D:5      | Found an iron altar of Okawaru.
  4738 | D:5      | Identified a +0 spear
  4738 | D:5      | Identified a +0 spear
  4960 | D:4      | Identified a +0 war axe
  4960 | D:4      | Identified a +0 leather armour
  4967 | D:4      | Reached skill level 4 in Charms
  5222 | D:4      | Found an iron altar of Okawaru.
  5479 | D:5      | Identified a +0 giant club
  5481 | D:5      | Identified a +0 dagger
  5483 | D:5      | Identified a +0 dagger
  5483 | D:5      | Identified a +0 robe
  5484 | D:5      | HP: 5/50 [orc priest/divine providence (10)]
  5522 | D:4      | Reached skill level 3 in Fighting
  5522 | D:4      | Reached XP level 7. HP: 23/57 MP: 5/11
  5530 | D:4      | Learned a level 3 spell: Spectral Weapon
  5780 | D:5      | Identified a +0 scale mail
  5780 | D:5      | Identified a +0 dagger
  5780 | D:5      | Identified a +0 flail
  5780 | D:5      | Identified a +0 leather armour
  5795 | D:5      | Identified a cursed -3 halberd
  5799 | D:5      | Identified a +0 hand axe
  5807 | D:5      | Reached skill level 3 in Spellcasting
  6347 | D:5      | Found a shimmering blue altar of Sif Muna.
  6353 | D:5      | Identified a +0 dagger
  6353 | D:5      | Identified a +0 robe
  6353 | D:5      | Identified a +0 dagger
  6353 | D:5      | Identified a +0 robe
  6395 | D:5      | Identified a +0 hand axe
  6398 | D:5      | HP: 14/57 [orc priest/+0 dagger (2)]
  6403 | D:5      | Reached skill level 4 in Axes
  6659 | D:5      | HP: 12/57 [ice beast (9)]
  6904 | D:5      | HP: 12/57 [ice beast (6)]
  6904 | D:5      | Slain by an ice beast

Table legend:
 A = Turns spent in this place as a percentage of turns spent in the entire game.
 B = Non-inter-level travel turns spent in this place as a percentage of non-inter-level travel turns spent in the entire game.
 C = Inter-level travel turns spent in this place as a percentage of turns spent in this place.
 D = Turns resting spent in this place as a percentage of non-inter-level travel turns spent in this place.
 E = Turns spent auto-exploring this place as a percentage of non-inter-level travel turns spent in this place.
 F = Non-inter-level travel turns spent in this place divided by the number of levels of this place that you've seen.
                   A       B       C       D       E      F
               +-------+-------+-------+-------+-------+----------------------
         Total | 100.0 | 100.0 |   3.9 |  43.3 |  32.3 | 948.0
       Dungeon | 100.0 | 100.0 |   3.9 |  43.3 |  32.3 | 948.0
               +-------+-------+-------+-------+-------+----------------------

Table legend:
 A = Kills in this place as a percentage of kills in entire the game.
 B = Kills by you in this place as a percentage of kills by you in the entire game.
 C = Kills by friends in this place as a percentage of kills by friends in the entire game.
 D = Other kills in this place as a percentage of other kills in the entire game.
 E = Experience gained in this place as a percentage of experience gained in the entire game.
 F = Experience gained in this place divided by the number of levels of this place that you have seen.
                   A       B       C       D       E      F
               +-------+-------+-------+-------+-------+----------------------
         Total | 100.0 | 100.0 |   N/A |   N/A | 100.0 | 166.1
       Dungeon | 100.0 | 100.0 |   N/A |   N/A | 100.0 | 166.1
               +-------+-------+-------+-------+-------+----------------------

Skill      XL: |  1  2  3  4  5  6  7 |
---------------+----------------------+-----
Axes           | 2 3 4 |  4.0
Charms         | 3 4 |  4.5
Spellcasting   | 2 3 |  3.2
Armour         | 1 |  1.9
Dodging        | 2 |  2.3
Translocations | 1 |  1.6
Fighting       | 3 |  3.3

Action                   |  1- 3 |  4- 6 |  7- 9 || total
-------------------------+-------+-------+-------++-------
Melee: Hand axe          |   141 |   214 |       ||   355
       Kick              |    15 |    52 |    22 ||    89
       War axe           |       |     6 |    61 ||    67
Throw: Boomerang         |       |    19 |       ||    19
       Dart              |       |       |     8 ||     8
       Javelin           |       |       |     6 ||     6
 Cast: Infusion          |     3 |     7 |     5 ||    15
       Shroud of Golubri |       |     2 |       ||     2
       Regeneration      |       |     1 |     1 ||     2
       Song of Slaying   |       |       |     1 ||     1
Invok: Sacrifice Love    |       |     1 |       ||     1
  Use: Scroll            |       |     4 |       ||     4
 Stab: Distracted        |       |       |     1 ||     1
  Eat: Chunk             |     2 |     7 |     3 ||    12
       Ration            |       |     1 |     1 ||     2
Armor: Leather armour    |    86 |    78 |    18 ||   182
Dodge: Dodged            |   101 |   111 |    42 ||   254

Vanquished Creatures
  An ice beast (D:5)
  An ogre (D:4)
  A scorpion (D:6)
  3 bullfrog skeletons
  3 orc priests
  2 hounds
  An orc wizard (D:5)
  A centaur skeleton (D:4)
  A hound zombie (D:6)
  A howler monkey zombie (D:5)
  2 worker ant zombies
  9 gnolls
  5 adders
  An adder zombie (D:5)
  An adder skeleton (D:4)
  3 worms
  2 dart slugs
  6 leopard geckos
  11 orcs
  2 ball pythons
  10 bats
  3 giant cockroaches
  2 hobgoblins
  12 jackals
  6 quokkas
  7 frilled lizards
  A goblin (D:1)
  6 kobolds
  6 rats
110 creatures vanquished.
